 Dungeon Crawl Stone Soup version 0.28.0 (webtiles) character file.

Game seed: 17912398552714633455

187 anonymouscript the Grave Robber (level 5, -7/44 HPs)
             Began as a Deep Dwarf Necromancer on Feb 12, 2022.
             Shot with an arrow by a centaur (15 damage)
             ... on level 4 of the Dungeon.
             The game lasted 00:25:13 (4303 turns).

anonymouscript the Grave Robber (DDNe)              Turns: 4303, Time: 00:25:13

Health: -7/44      AC:  5    Str: 12    XL:     5   Next: 39%
Magic:  7/7        EV: 11    Int: 15    God:
Gold:   72         SH:  0    Dex: 15    Spells: 4/9 levels left

rFire   . . .      SeeInvis .   n - +1 short sword (vamp)
rCold   . . .      Faith    .   (no shield)
rNeg    . . .      Spirit   .   f - +0 ring mail
rPois   .          Reflect  .   (no helmet)
rElec   .          Harm     .   (no cloak)
rCorr   .          Rampage  .   (no gloves)
Will    .....                   (no boots)
Stlth   ++........              (no amulet)
HPRegen 0.00/turn               (no ring)
MPRegen 0.10/turn               (no ring)

@: about to teleport
A: damage resistance, heal wounds, sense surroundings 1, no regeneration
a: Heal Wounds


You were on level 4 of the Dungeon.
You visited 1 branch of the dungeon, and saw 4 of its levels.

You collected 72 gold pieces.

Inventory:

Hand Weapons
 b - a +0 trident
 g - a +0 short sword
 m - a +0 dagger
 n - a +1 vampiric short sword (weapon)
Missiles
 e - 104 stones
 o - 15 sling bullets
Armour
 a - a +0 robe
 f - a +0 ring mail (worn)
Wands
 j - a wand of flame (11)
Scrolls
 c - a scroll of identify
 d - 2 scrolls of magic mapping
 i - a scroll of enchant weapon {unknown}
Potions
 h - a potion of cancellation {unknown}
 k - a potion of attraction {unknown}


   Skills:
 + Level 1.0 Fighting
 * Level 1.3 Short Blades
 + Level 0.4 Throwing
 + Level 1.9 Armour
 + Level 2.6 Dodging
 + Level 2.5 Stealth
 + Level 2.7 Spellcasting
 * Level 5.4 Necromancy


You had 4 spell levels left.
You knew the following spells:

 Your Spells              Type           Power      Damage    Failure   Level
a - Pain                  Necr           72%        1d7       4%          1
b - Vampiric Draining     Necr           18%        2d7       14%         3
c - Animate Skeleton      Necr           36%        N/A       4%          1

Your spell library contained the following spells:

 Spells                   Type           Power      Damage    Failure   Level
 Animate Dead             Necr           9%         N/A       43%         4
 Blink                    Tloc           4%         N/A       56%         2
 Ignite Poison            Fire/Tmut/Pois 2%         N/A       80%         3
 Lesser Beckoning         Tloc           2%         N/A       80%         3
 Mephitic Cloud           Conj/Pois/Air  2%         N/A       80%         3
 Agony                    Necr           18%        N/A       80%         5
 Freezing Cloud           Conj/Ice/Air   1%         6-21      100%        5
 Manifold Assault         Tloc           2%         N/A       100%        5


Dungeon Overview and Level Annotations

Branches:
Dungeon (4/15)
 Temple: D:4-7

Altars:

Shops:
D:3 (   D:4 (

Annotations:
D:2 Crazy Yiuf


Innate Abilities, Weirdness & Mutations

You are resistant to damage.
You can heal yourself by infusing magical energy.
You passively map a small area around you.
You do not regenerate.


Message History

Aiming: Pain (safe; 4% risk of failure)
Press: ? - help, Q - select action, (/) - cycle Shift-Dir - straight line, f/p - adder
Aim: an adder (heavily wounded, chance to affect: 83%)
The adder writhes in agony.
Aiming: Pain (safe; 4% risk of failure)
Press: ? - help, Q - select action, (/) - cycle Shift-Dir - straight line, f/p - adder
Aim: an adder (almost dead, chance to affect: 83%)
The adder writhes in agony.
Aiming: Pain (safe; 4% risk of failure)
Press: ? - help, Q - select action, (/) - cycle Shift-Dir - straight line, f/p - adder
Aim: an adder (almost dead, chance to affect: 83%)
The adder writhes in agony.
You kill the adder!
You see here an adder corpse.
Magic restored.
An orc comes into view. It is wielding a +0 hand axe.
Aiming: Pain (safe; 4% risk of failure)
Press: ? - help, Q - select action, (/) - cycle Shift-Dir - straight line, f - you
Okay, then.
Hit: n) +1 short sword (vamp)
Press: ? - help, Dir - move target, f - you
Okay, then.
An orc comes into view. It is wielding a +0 club.
You see here 15 sling bullets.
o - 15 sling bullets You pick up a Trismegistus Codex and begin reading...
You add the spells Ignite Poison, Mephitic Cloud and Freezing Cloud to your library.
Okay, then.
e - 104 stones (gained 23)
Found a stone staircase leading up.
Found a stone staircase leading up.
A centaur comes into view.
The centaur wields a +0 shortbow.
The centaur shoots an arrow.
The arrow hits you.
The centaur shoots an arrow.
The arrow closely misses you.
The centaur shoots an arrow.
The arrow hits you!
* * * LOW HITPOINT WARNING * * *
As you read the scroll of teleportation, it crumbles to dust.
You feel strangely unstable.
The centaur shoots an arrow.
The arrow hits you!
You die...

, ...#####..# ##...# , *
*..# ##.# #.... , #### ,**
..# #.# ##.#. ..... #.#
#.# ##..# ...c.# #.#
#.####.... ...#..####.#
#......#..
.......##.#######....###.#
,#...............#####.. ,
##...#@#####..#.# #... *
#..##.# #.#### #... *
#.###.# ### ####..# #. .##
#...### ##* # #####


You could see a centaur.

Vanquished Creatures
  A water moccasin zombie (D:3)
  An orc priest (D:2)
  Robin (D:3)
  2 adders
  2 dart slugs (D:1)
  9 orcs
  7 ball pythons
  4 endoplasms
  2 giant cockroaches
  9 goblins
  6 hobgoblins
  3 jackals (D:3)
  4 bats
  5 frilled lizards
  6 kobolds
  3 rats
65 creatures vanquished.

Vanquished Creatures (others)
  A plant (D:2)
1 creature vanquished.

Grand Total: 66 creatures vanquished

Notes
Turn   | Place    | Note
-------+----------+-------------------------------------------
     0 | D:1      | anonymouscript the Deep Dwarf Necromancer began the quest
                  | for the Orb.
     0 | D:1      | Reached XP level 1. HP: 15/15 MP: 3/3
   361 | D:1      | Reached XP level 2. HP: 16/22 MP: 2/4
   759 | D:1      | Reached skill level 5 in Necromancy
  1489 | D:2      | Reached XP level 3. HP: 16/28 MP: 2/5
  1872 | D:2      | Learned a level 3 spell: Vampiric Draining
  2257 | D:2      | Found a faded altar of an unknown god.
  2524 | D:2      | Found a runed translucent door.
  2525 | D:2      | Noticed Crazy Yiuf
  2715 | D:3      | Noticed Robin
  3122 | D:3      | Learned a level 1 spell: Animate Skeleton
  3340 | D:3      | Killed Robin
  3341 | D:3      | Reached XP level 4. HP: 26/36 MP: 2/5
  3342 | D:3      | Reached skill level 1 in Armour
  3406 | D:3      | Found Pacun's Weapon Shoppe.
  3447 | D:3      | Reached skill level 1 in Short Blades
  3520 | D:3      | Reached XP level 5. HP: 34/43 MP: 2/7
  3684 | D:2      | Reached skill level 1 in Fighting
  4040 | D:4      | Found Puhozeac's Antique Weapon Shoppe.
  4299 | D:4      | Noticed a centaur
  4303 | D:4      | Shot with an arrow by a centaur

Illustrated notes

Levels and vault maps discovered:
D:1:      minmay_arrival_three_doors, layout_basic, minmay_3d_cube
D:2:      layout_basic, shapermc_ecumenical_altar_hornbeckon, serial_forest,
          infiniplex_forest_corner_1, infiniplex_forest_lined_2,
          infiniplex_forest_lined_3_way, infiniplex_forest_straight_2,
          infiniplex_forest_straight_2, infiniplex_forest_end_2,
          infiniplex_forest_clump_small, uniq_crazy_yiuf_cottage
D:3:      layout_basic, serial_shops, shop, serial_bayou_pond_d, uniq_robin
D:4:      layout_layer_cave, serial_shops, shop

Skill      XL: |  1  2  3  4  5 |
---------------+----------------+-----
Spellcasting   | 2 |  2.7
Necromancy     | 5 |  5.4
Armour         | 1 |  1.9
Short Blades   | 1 |  1.3
Fighting       | 1 |  1.0
Throwing       | |  0.4
Dodging        | |  2.6
Stealth        | |  2.5

Action                   |  1- 3 |  4- 6 || total
-------------------------+-------+-------++-------
Melee: Unarmed           |    12 |       ||    12
       Punch             |     1 |     1 ||     2
       Short sword       |    20 |    92 ||   112
       Dagger            |     4 |       ||     4
Throw: Stone             |    11 |       ||    11
 Cast: Pain              |    72 |    12 ||    84
       Animate Skeleton  |     1 |       ||     1
 Abil: Heal Wounds       |     3 |       ||     3
  Use: Scroll            |     4 |     4 ||     8
       Potion            |     2 |       ||     2
 Stab: Sleeping          |     1 |       ||     1
Armor: Robe              |     3 |       ||     3
       Ring mail         |    12 |    23 ||    35
Dodge: Dodged            |    32 |    62 ||    94
